[Event "Lliga Catalana DH 2023"]
[Site "Catalonia"]
[Date "2023.02.04"]
[Round "3.7"]
[White "Balague Camps, Marc"]
[Black "Castelltort Fernandez, Antonio"]
[Result "1-0"]
[ECO "A92"]
[WhiteElo "2207"]
[BlackElo "2208"]
[Annotator "TA"]
[PlyCount "139"]
[EventDate "2023.01.24"]
[EventType "team-tourn"]
[EventCountry "ESP"]
[SourceTitle "playchess.com"]
[Source "ChessBase"]
[SourceQuality "1"]
[TimeControl "40/5400+30:1800+30"]

1. d4 f5 2. c4 e6 3. g3 Nf6 4. Bg2 Be7 5. Nf3 d5 6. O-O Ne4 {[%emt 0:00:34] is now more promising than 6...0-0. A92: Classical Dutch: Classical Stonewall (with ...Be7): Early deviations.} 7. Ne5 Nd7 8. Qc2 c6 {[%emt 0:05:28] White has an edge.} 9. Nd2 Nxe5 10. dxe5 O-O 11. Nxe4 fxe4 12. Be3 {[%emt 0:06:39] [#]} Kh8 $146 (12... Qc7 $5 ) ({Predecessor:} 12... Bd7 13. Rad1 b6 14. f3 exf3 15. exf3 Rc8 16. f4 Qc7 17. Qd3 g6 18. cxd5 cxd5 19. Bxd5 {½-½ Giuriato,S (2020)-De Mori,M (1928) Vicenza op 8th 2004 (4)}) 13. f3 exf3 $1 14. Rxf3 Rxf3 15. Bxf3 Qe8 16. Rf1 Bd7 17. Kg2 b6 18. Bg1 Rc8 19. c5 b5 20. Qc3 a5 21. a3 a4 {[%emt 0:01:09] Black is weak on the dark squares} 22. h4 Kg8 23. Be3 Qd8 24. Bh5 (24. Bg4 {deserves consideration.}) 24... Be8 $1 $11 25. Bg4 Bd7 (25... Bf7 $11 {is more appropriate.}) 26. Bd4 $14 Qc7 27. Be3 Rf8 28. Rf3 Qa7 29. Qd4 Qb8 30. Bd2 Qa7 31. Bb4 Qb8 32. Ba5 Qc8 33. Rc3 (33. Rxf8+ $11 {should be considered.} Qxf8 34. Bb4) 33... Bd8 (33... Be8 $1 $15) 34. Bb6 Be7 35. e4 Qe8 36. exd5 (36. h5 $11) 36... exd5 $15 {[%emt 0:01:09] White must now prevent ...h5.} 37. e6 Bc8 38. Re3 Qg6 39. Bc7 ({White should play} 39. Qd1 $15) 39... Qc2+ (39... Qb1 40. Bf4) (39... h5 $17 40. Bf3 Rf6) 40. Re2 $1 $11 {[%emt 0:00:05] Active counter play!} Qc1 41. Bd6 {[%emt 0:30:21] Really sharp!} (41. Bf4 $5 Qxc5 42. Qxc5 Bxc5 43. Rc2 $14) 41... Re8 (41... Qf1+ $11 42. Kh2 h5 43. Bxh5 (43. Bxe7 hxg4 44. Rg2 Re8 $17) 43... Bxe6) 42. Rf2 $2 (42. Bh5 $18 g6 43. Qf2 (43. Bg4 Qc4 $16)) 42... Qh6 $2 (42... Bxd6 $2 43. cxd6 Qe1 44. d7 Bxd7 45. exd7 $18) (42... Qc4 $14 43. Qxc4 bxc4) 43. Bf4 $2 ({Better is} 43. Bxe7 $18 Rxe7 44. Qe5) 43... Qg6 $15 {[%emt 0:00:24] Repels Rf7} 44. Be5 Qe4+ $2 (44... Bxe6 $15 {stays ahead.} 45. Bxe6+ Qxe6 46. Bxg7 Bxc5 47. Qxc5 Kxg7) 45. Qxe4 $18 dxe4 46. Rf7 Bf6 (46... Bxc5 {is tougher.} 47. Rxg7+ Kf8) 47. Bxf6 gxf6 48. Rxf6 {[%emt 0:00:17][%mdl 4096] Endgame KRB-KRB} Kg7 $2 (48... Re7 49. Kf2 Kg7) 49. Rf7+ Kg8 50. Rf6 Kg7 $1 51. Rf7+ Kg8 52. Rc7 $2 (52. Bh5 $18 {has better winning chances.}) 52... Bxe6 $16 53. Bxe6+ ({White should try} 53. Bh5 $1 $14 Rd8 54. Kf2 (54. Rxc6 Rd2+ 55. Kh1 Bh3 $11)) 53... Rxe6 {[%emt 0:00:04] KR-KR} 54. Kf2 h6 55. Ke3 {[%emt 0:00:16] aiming for h5.} Kf8 (55... h5 $11 {remains equal.}) 56. Rh7 (56. Rd7 $16) 56... Kg8 $14 57. Rd7 Re5 $1 58. Rd6 (58. g4 $5 ) 58... Rxc5 59. Rxh6 {[%emt 0:00:15][%cal Oh4h5] [#] Threatens to win with h5!} Rc2 $1 60. Kxe4 {[%emt 0:00:23] And now h5 would win.} Rxb2 61. Rxc6 Rb3 62. g4 Rxa3 63. Kf5 Rf3+ 64. Kg6 a3 65. h5 {[%emt 0:00:16][%cal Bh4h5,Bh5h6,Bh6h7][%mdl 32] Strongly threatening h6.} b4 66. Ra6 (66. h6 $5 Rf8 $8 67. Rc7 $11 (67. Ra6 Kh8 $11)) 66... Rf8 {[%emt 0:00:41] ...Rb8 would be deadly.} 67. h6 {[%emt 0:01:11] Threatening mate with h7+.} Rb8 $2 (67... Kh8 $11 68. g5 Rg8+ 69. Kh5 b3 70. Rxa3 Rb8) 68. g5 {[%emt 0:00:35] White mates.} b3 {[%emt 0:00:27] [#]} 69. h7+ $1 (69. Rxa3 {is a self mate.} b2 70. h7+ Kh8 71. Kf6 b1=Q 72. g6 Rb6+ 73. Kg5 Rb5+ 74. Kf6 Qf5+ 75. Ke7 Rb7+ 76. Kd6 Rd7+ 77. Kc6 Qd5+ 78. Kb6 Rb7+ 79. Ka6 Qb5#) 69... Kh8 70. Kh6 $1 {[%emt 0:00:02] Weighted Error Value: White=0.69/Black=0.44} 1-0

[Event "Lliga Catalana DH 2023"]
[Site "Catalonia"]
[Date "2023.02.04"]
[Round "3.7"]
[White "Perez Manas, Benjamin"]
[Black "Garcia Jimenez, Francisco Javier"]
[Result "1-0"]
[ECO "C42"]
[WhiteElo "2192"]
[BlackElo "2230"]
[Annotator "TA"]
[PlyCount "121"]
[EventDate "2023.01.24"]
[EventType "team-tourn"]
[EventCountry "ESP"]
[SourceTitle "playchess.com"]
[Source "ChessBase"]
[SourceQuality "1"]
[TimeControl "40/5400+30:1800+30"]

1. e4 e5 2. Nf3 Nf6 3. Nxe5 Nxe4 4. Qe2 Qe7 5. Qxe4 d6 6. d4 dxe5 7. dxe5 Nc6 {C42: Petroff Defence: 3 Nxe5 and unusual White 3rd moves.} 8. Nc3 {Black must now prevent Nd5.} Qxe5 9. Qxe5+ Nxe5 {White is slightly better.} 10. Nb5 Bb4+ 11. c3 Ba5 {[#]} 12. Be3 $146 (12. Bf4 $5 f6 13. O-O-O $11) ({Predecessor:} 12. Bf4 f6 13. O-O-O O-O 14. Bxe5 fxe5 15. Bc4+ Kh8 16. Rhe1 a6 17. Na3 Bb6 18. f3 {1-0 Kovchan,A (2574)-Gadimbayli,A (2463) Novi Sad TS Mix 240th 2022 (6)}) 12... a6 13. Na3 O-O 14. Nc4 Nxc4 15. Bxc4 c6 {Black is weak on the dark squares} 16. O-O Bf5 17. Bc5 Rfe8 18. Rfe1 Rad8 19. h3 Be6 20. Bxe6 Rxe6 21. Rxe6 fxe6 $11 {[%mdl 4096] Endgame KRB-KRB} 22. Be3 Bc7 23. Kf1 Rd5 24. c4 Ra5 25. a4 {[#] Threatens to win with c5.} Rf5 26. Rd1 Rf7 27. Ke2 Kf8 28. Bc5+ Ke8 29. Rd3 Rf5 30. Bd4 g6 31. g4 Rf7 (31... Rf4 $5 ) 32. Ke3 e5 33. Bc5 e4 34. Rd4 Rf3+ 35. Ke2 Rxh3 36. Rxe4+ Kd8 37. Be3 Kd7 38. c5 Bd8 39. Rb4 Kc8 40. Rf4 Be7 {Dodges Rf8+} 41. Kf1 {Rf7 would be deadly.} (41. Rf7 $5 Kd8 42. Rg7 $14) 41... Rh1+ (41... Rh4 $1 $11 {keeps the balance.}) 42. Kg2 $16 Rb1 43. Rf7 Kd8 44. Rxh7 Rxb2 {[#]} 45. Rg7 $1 Rb4 (45... Ke8 $16 {was worth a try.}) 46. Rxg6 $18 Rxa4 47. f4 Ra3 48. Kf2 a5 $2 (48... Rc3 49. Rg7 Ke8) 49. f5 Bh4+ 50. Ke2 a4 51. g5 Ra2+ 52. Kd3 Bf2 {...Ra3+ is the strong threat.} 53. Rg8+ Kd7 54. Rg7+ Ke8 55. Bxf2 ({Inferior is} 55. Rxb7 Ra3+ 56. Ke2 Bxe3 $11) 55... Rxf2 {KR-KR} 56. Ke4 {And now Ke5 would win.} ({Not} 56. Rxb7 Rxf5 57. g6 Kf8 $11) 56... Rb2 57. f6 {[%cal Bf5f6,Bf6f7][%mdl 32] g6 would kill now.} a3 58. g6 a2 59. Rg8+ (59. Re7+ $142 Kd8 60. g7 Re2+ 61. Kf3 Rxe7 62. g8=Q+ Re8 63. f7 {[%mdl 64] Pin} Rxg8 64. fxg8=Q+ Kd7 65. Qxa2) 59... Kd7 60. Ra8 {Intending g7 and mate.} Rg2 61. f7 {Weighted Error Value: White=0.26 (precise) /Black=0.62} 1-0

[Event "Lliga Catalana DH 2023"]
[Site "Catalonia"]
[Date "2023.02.04"]
[Round "3.8"]
[White "Vehi Bach, Victor Manuel"]
[Black "Obon Temprano, Sergi"]
[Result "1/2-1/2"]
[ECO "C48"]
[WhiteElo "2242"]
[BlackElo "2193"]
[Annotator "TA"]
[PlyCount "85"]
[EventDate "2023.01.24"]
[EventType "team-tourn"]
[EventCountry "ESP"]
[SourceTitle "playchess.com"]
[Source "ChessBase"]
[SourceQuality "1"]
[TimeControl "40/5400+30:1800+30"]

1. e4 e5 2. Nf3 Nc6 3. Nc3 Nf6 4. Bb5 Bd6 5. d3 a6 6. Ba4 {C48: Four Knights: 4 Bb5, replies other than 4...Bb4.} h6 7. a3 O-O {[#]} (7... Bc5 {looks sharper.} 8. Bxc6 dxc6 9. Nxe5 Qd4) 8. g4 $1 {[%cal Bg2g4,Bg4g5][%mdl 32] White is slightly better.} Nh7 {[#]} (8... Be7 9. Bxc6) 9. g5 $146 ({Predecessor:} 9. h4 Nd4 10. Nxd4 exd4 11. Ne2 c5 12. Bb3 Be7 13. g5 hxg5 14. hxg5 Bxg5 15. Ng3 Bxc1 16. Rxc1 {0-1 Shvayger,Y (2393)-Zhao,X (2485) Wch Rapid (Women) 2018 (11)}) 9... h5 ({Black should try} 9... hxg5 $14 10. Rg1 b5 11. Nxg5 (11. Bb3 Nd4 $14) 11... Nf6) 10. Bb3 $16 {g6 would be deadly.} g6 11. Be3 {Prevents Bc5} (11. Nh4 $142 $1 Kh8 12. Bxf7 {[%mdl 64] Remove Defender} Rxf7 13. Nxg6+ Kg8 14. Qxh5) 11... Be7 12. Nd5 d6 13. Qd2 (13. h4 $14) 13... Be6 (13... Bg4 $11 14. Nxe7+ Qxe7) 14. Rg1 Re8 15. Nh4 Bf8 16. O-O-O Nb8 (16... Bg7 $16 {is a better defense.}) 17. f4 exf4 18. Bd4 {White has more active pieces.} ({Resist} 18. Bxf4 $6 Nd7 $14) (18. Nxf4 $6 Bxb3 19. cxb3 Nd7 $14) 18... Nc6 19. Nf6+ $2 (19. Bf6 $18 Qd7 20. Qxf4) 19... Nxf6 $15 20. Bxf6 Qd7 21. Bxe6 Qxe6 22. Qxf4 Bg7 ({Black should play} 22... d5 $11) 23. Rdf1 Nd4 (23... b5 $14) 24. Qe3 c5 25. c3 (25. Qf2 $16) 25... Rac8 26. Kb1 $1 $18 (26. cxd4 $2 {too greedy.} cxd4+ 27. Kb1 dxe3 $19) 26... Nb5 27. c4 $1 Nd4 {[#]} 28. Bxg7 (28. Ng2 $1 $18) 28... Kxg7 $16 29. Rf6 Qe5 30. Nf3 {Chess con chili.} (30. Qf2 $16 Rf8 31. Rf1) 30... Nxf3 $14 31. Qxf3 Re7 32. Rf1 Rcc7 $1 33. Qf4 Rcd7 34. Qxe5 dxe5 {[%mdl 4096] Endgame KRR-KRR} 35. Kc2 Rd4 36. Kc3 (36. b4 $16) 36... Red7 37. R1f3 R4d6 38. b4 cxb4+ (38... b6 $1 $11 {keeps the balance.}) 39. axb4 $16 {Black must now prevent Rxd6.} Rd4 40. h4 Kg8 41. Rb6 Kg7 {[#]} (41... Re7 $16 42. b5 axb5) 42. Rbf6 (42. b5 $1 $18) 42... Kg8 43. Rb6 {Weighted Error Value: White=0.31/Black=0.29 (precise)} ({Better is} 43. Rg3 $16) 1/2-1/2

[Event "Lliga Catalana DH 2023"]
[Site "Catalonia"]
[Date "2023.02.04"]
[Round "3.8"]
[White "Bautista Sanchez, Joan"]
[Black "Molina Carretero, Daniel"]
[Result "0-1"]
[ECO "E05"]
[WhiteElo "2087"]
[BlackElo "2218"]
[Annotator "TA"]
[PlyCount "48"]
[EventDate "2023.01.24"]
[EventType "team-tourn"]
[EventCountry "ESP"]
[SourceTitle "playchess.com"]
[Source "ChessBase"]
[SourceQuality "1"]
[TimeControl "40/5400+30:1800+30"]

1. Nf3 Nf6 2. c4 e6 3. g3 d5 4. Bg2 Be7 5. d4 O-O 6. O-O dxc4 7. Ne5 Nc6 8. Nxc6 bxc6 9. Bxc6 Rb8 10. e3 {[%emt 0:02:05] E05: Open Catalan: 5 Nf3 Be7.} Nd5 11. Nc3 Rb6 12. Ba4 {[%emt 0:01:08] Black is slightly better.} Bb7 13. Bc2 {[%emt 0:00:35] [#]} e5 $146 ({Predecessor:} 13... Nxc3 14. bxc3 f5 15. Qe2 c5 16. dxc5 Bxc5 {0-1 Llorente Galardy,J-Lopez Gomez,J Luis Perez Marin mem 3rd corr 2001}) 14. e4 (14. Qh5 g6 15. Qd1 (15. Qxe5 $2 f6 $19) 15... exd4 16. exd4 Bf6 $17) 14... Nb4 15. d5 c6 16. Be3 Ra6 17. a3 Nxc2 18. Qxc2 cxd5 19. exd5 ({Better is} 19. Nxd5 $11 Bxd5 20. Rad1 {[%mdl 64] Pin}) 19... f5 $1 $15 {[%emt 0:03:51] Strongly threatening ...f4.} (19... Bxd5 20. Rfd1 Ra5 21. Rac1 $14) 20. f4 {[%emt 0:01:28] [#]} (20. Rae1 $15) 20... exf4 $1 $17 {[%emt 0:00:31][%mdl 64] Deflection} 21. Bxf4 {[%emt 0:03:20][%mdl 8192] Loses the game.} (21. Rxf4 $17 {was the crucial defense.} Bg5 22. Rf3) 21... Bc5+ $19 {[%emt 0:01:33] This pair of bishops is nice.} ({Not} 21... Bxd5 22. Nxd5 Qxd5 23. Be3 $17) 22. Kh1 g5 ({Inferior is} 22... Bxd5+ 23. Nxd5 Qxd5+ 24. Qg2 Qxg2+ 25. Kxg2 $17) 23. Bc1 (23. Qd2 $142 gxf4 24. Rxf4) 23... Rd6 {[%emt 0:01:05] White must now prevent ...Rxd5.} ({And not} 23... Bxd5+ 24. Nxd5 Qxd5+ 25. Qg2 Qxg2+ 26. Kxg2 $17) 24. Rd1 Rxd5 {[%emt 0:01:04] Weighted Error Value: White=0.89/Black=0.09 (flawless)} (24... Bxd5+ $2 25. Nxd5 f4 26. Qxc4 $18) 0-1

[Event "Lliga Catalana DH 2023"]
[Site "Catalonia"]
[Date "2023.02.04"]
[Round "3.9"]
[White "Martinez Ramirez, Erik"]
[Black "Pang, Khai Jie Ryan"]
[Result "1/2-1/2"]
[ECO "C54"]
[WhiteElo "2186"]
[BlackElo "1841"]
[Annotator "TA"]
[PlyCount "30"]
[EventDate "2023.01.24"]
[EventType "team-tourn"]
[EventCountry "ESP"]
[SourceTitle "playchess.com"]
[Source "ChessBase"]
[SourceQuality "1"]
[TimeControl "40/5400+30:1800+30"]

1. e4 e5 2. Nf3 Nc6 3. Bc4 Bc5 4. c3 Nf6 5. d4 exd4 6. cxd4 Bb4+ 7. Nc3 Nxe4 8. O-O Bxc3 9. d5 Bf6 10. Re1 Ne7 11. Rxe4 {[#] d6 would be deadly.} d6 {C54: Giuoco Piano: 4 c3 Nf6, main lines with 5 d4 and 5 d3.} 12. Rf4 {[#]} Ng6 $146 ({Predecessor:} 12... O-O 13. Rxf6 gxf6 14. Qd4 Ng6 15. Bh6 Re8 16. Bb5 Re5 17. Nxe5 fxe5 18. Qe3 Bd7 19. Bg5 Qe8 20. Bd3 f5 21. Rc1 c5 22. dxc6 bxc6 {1-0 Van Foreest,J (2688)-Aronian,L (2782) Chessable Masters Prelim rapid 2021 (1)}) 13. Re4+ Ne7 14. Rf4 $1 Ng6 (14... a6 $5) 15. Re4+ Ne7 {Black got outplayed after the opening.   Weighted Error Value: White=0.00 (flawless) /Black=0.24 (precise)} 1/2-1/2

[Event "Lliga Catalana DH 2023"]
[Site "Catalonia"]
[Date "2023.02.04"]
[Round "3.9"]
[White "Garcia Caro, Juan Alber"]
[Black "Travesset Ribera, Daniel"]
[Result "0-1"]
[ECO "E27"]
[WhiteElo "1958"]
[BlackElo "2094"]
[Annotator "TA"]
[PlyCount "106"]
[EventDate "2023.01.24"]
[EventType "team-tourn"]
[EventCountry "ESP"]
[SourceTitle "playchess.com"]
[Source "ChessBase"]
[SourceQuality "1"]
[TimeControl "40/5400+30:1800+30"]

1. d4 Nf6 2. c4 e6 3. Nc3 Bb4 4. f3 O-O 5. a3 Bxc3+ 6. bxc3 Ne8 7. Bf4 {[%emt 0:07:27] E27: Nimzo-Indian: Sämisch: 5...0-0 6 f3.} (7. e4 $142) 7... b6 $11 8. e4 {[%emt 0:08:42] [#]} Ba6 $146 ({Predecessor:} 8... d6 9. Bg3 Ba6 10. Be2 Qe7 11. Nh3 Nc6 12. c5 Bxe2 13. cxd6 Nxd6 14. Qxe2 Na5 {0-1 Depner,J-Stoicescu,H (2066) ROM-ch sf Baile Tusnad 2000 (8)}) 9. Bd3 {[%emt 0:03:44] The position is equal.} Nc6 10. Nh3 $1 Na5 11. Qe2 c5 12. d5 f6 13. Bg3 (13. dxe6 $15 dxe6 14. e5) 13... e5 $17 14. f4 Qe7 15. O-O Nd6 16. Qg4 Bxc4 ({And not} 16... Naxc4 17. Qe2 $11) 17. Bxc4 {[%emt 0:08:31] [#] Threatens to win with Ba2.} Naxc4 18. fxe5 Nxe5 19. Bxe5 fxe5 (19... Qxe5 $19 20. Qxd7 Rfd8) 20. Ng5 (20. a4 $17) 20... h6 21. Nh3 Rxf1+ 22. Rxf1 Rf8 23. Rxf8+ Kxf8 $19 {[%emt 0:00:05][%mdl 4096] Endgame KQN-KQN} 24. Qe2 (24. a4 $17 {was necessary.}) 24... Qh4 25. Nf2 Qf4 26. Qe1 c4 27. h3 Ke7 28. a4 Kd8 29. a5 bxa5 30. Qa1 Nxe4 31. Qxa5+ Ke8 32. Nxe4 Qxe4 {[%emt 0:00:06] KQ-KQ} 33. Kh1 a6 34. d6 $2 (34. Qc5) 34... Qb1+ 35. Kh2 Qb5 36. Qc7 Qc6 37. Qb8+ Kf7 38. Kg3 a5 39. Kf2 a4 40. Qb4 Ke6 41. Kf1 a3 42. Qxa3 Qxd6 43. Qb2 e4 {[%emt 0:00:53][%cal Be5e4,Be4e3][%mdl 32] [#] aiming for ...e3.} 44. Kf2 Qf4+ (44... e3+ $142 45. Kf3 g5) 45. Ke2 Qd6 46. Kf2 $1 Qc5+ (46... e3+ $142 47. Kf3 g5) 47. Kf1 e3 48. Ke2 d5 $2 (48... Qe5 49. Qb6+ d6) 49. Qb8 (49. Qb1 {keeps fighting.} Ke5 50. Qb7) 49... Qd6 {[%emt 0:01:54] Black is clearly winning.} 50. Qc8+ Kf6 {[%emt 0:00:14] And now ...Qe5 would win.} 51. Qg4 (51. h4 $142 Qe5 52. Qf8+ Kg6 53. Qf3) 51... Qe5 52. Qh4+ Ke6 53. Qg4+ Qf5 {[%emt 0:00:24] Weighted Error Value: White=0.51/Black=0.22 (precise)} 0-1

[Event "Lliga Catalana DH 2023"]
[Site "Catalonia"]
[Date "2023.02.04"]
[Round "3.10"]
[White "Ano Pla, Gerard"]
[Black "Ramirez Carrizo, Victor Jose"]
[Result "1-0"]
[ECO "D40"]
[WhiteElo "2190"]
[BlackElo "2179"]
[Annotator "TA"]
[PlyCount "115"]
[EventDate "2023.01.24"]
[EventType "team-tourn"]
[EventCountry "ESP"]
[SourceTitle "playchess.com"]
[Source "ChessBase"]
[SourceQuality "1"]
[TimeControl "40/5400+30:1800+30"]

1. d4 {Sequera Paolini,Jose Rafael} d5 2. c4 e6 3. Nc3 c5 4. e3 Nf6 5. Nf3 Nc6 6. a3 a6 7. dxc5 Bxc5 8. b4 Bd6 9. Bb2 O-O 10. Qc2 Qe7 11. Rd1 {D40: Queen's Gambit Declined: Semi-Tarrasch with 5 e3.} Rd8 12. cxd5 exd5 13. Be2 {The position is equal.} Be6 14. O-O (14. Ng5 {looks sharper.} Rac8 15. O-O Be5 16. f4) 14... Rac8 15. Qb1 b5 {[#]} 16. Bd3 $146 ({Predecessor:} 16. Qa1 Qf8 17. Nb1 Nd7 18. Nd4 Nb6 19. Nd2 Nc4 20. Nxe6 fxe6 21. Nxc4 bxc4 22. Bg4 {1-0 Henriquez Villagra,C (2505)-Hou,Y (2673) Punta Arenas m 2016 (3)}) 16... h6 (16... Bg4 $5 ) 17. Ne2 Bg4 18. Bf5 Bxf5 19. Qxf5 Qe4 20. Qh3 Ne5 21. Nxe5 Bxe5 22. Ng3 $1 Bxg3 23. Qxg3 Qf5 24. Rc1 Rc4 25. Bd4 Qg6 26. Qxg6 fxg6 27. f3 Kf7 28. Rcd1 Ke6 29. Rd2 Rdc8 30. Rfd1 Rc1 31. Rxc1 Rxc1+ $11 {[%mdl 4096] Endgame KRB-KRN} 32. Kf2 Rc4 33. Ke2 g5 34. Kd3 Ne8 35. Ra2 g6 36. Bc3 (36. a4 $5 ) 36... g4 37. a4 Nc7 (37... gxf3 $11 {keeps the balance.} 38. gxf3 bxa4) 38. axb5 $16 axb5 39. Ra7 gxf3 40. gxf3 g5 $1 41. Rb7 Kd7 ({Black should try} 41... h5 $1 $14) 42. e4 {White is more active.} ({White has to play} 42. Be5 $16) 42... dxe4+ 43. fxe4 {Be5 is the strong threat.} Kc6 44. Rb8 Ne6 45. Rc8+ Kd6 $2 {[%mdl 8192] This move loses the game for Black.} (45... Nc7 $11 {and Black has nothing to worry.}) 46. Rxc4 $18 Nf4+ 47. Ke3 {[#] And now e5+ would win.} ({Don't take} 47. Kd4 $6 Ne6+ 48. Kd3 Nf4+ 49. Ke3 bxc4 $18) 47... bxc4 {KB-KN} 48. Kd4 h5 49. Bd2 Ne2+ (49... Ne6+ 50. Kxc4 h4) 50. Kxc4 g4 51. Be3 {[#] Threatening mate with Kd3.} Ke5 52. Kd3 (52. b5 $142 g3 53. b6 gxh2 54. b7) 52... Nf4+ 53. Bxf4+ {White mates.} Kxf4 54. b5 h4 55. b6 g3 56. hxg3+ hxg3 57. b7 g2 58. b8=Q+ {Weighted Error Value: White=0.12 (very precise) /Black=0.39} 1-0

[Event "Lliga Catalana DH 2023"]
[Site "Catalonia"]
[Date "2023.02.04"]
[Round "3.10"]
[White "Chiva Perez, Ferran"]
[Black "Terry Cuellar, Luis Antonio"]
[Result "0-1"]
[ECO "A45"]
[WhiteElo "1985"]
[BlackElo "2110"]
[Annotator "TA"]
[PlyCount "58"]
[EventDate "2023.01.24"]
[EventType "team-tourn"]
[EventCountry "ESP"]
[SourceTitle "playchess.com"]
[Source "ChessBase"]
[SourceQuality "1"]
[TimeControl "40/5400+30:1800+30"]

1. d4 Nf6 2. Bg5 Ne4 3. Bf4 c5 4. f3 Qa5+ 5. c3 Nf6 6. d5 Qb6 7. Bc1 d6 {[%emt 0:01:35] A45: Trompowsky Attack.} 8. Na3 g6 9. e4 Bg7 {[%emt 0:00:20] White is slightly better.} 10. Bd3 O-O 11. Ne2 e6 12. Nc4 Qd8 13. dxe6 {[%emt 0:09:11] [#]} fxe6 $146 ({Predecessor:} 13... Bxe6 14. Ne3 d5 15. e5 Nfd7 16. f4 Nc6 17. O-O d4 18. Nc4 b5 19. Nd6 Ndxe5 20. fxe5 Nxe5 21. Nxb5 {0-1 VERDUGO-Kasparov,G (2825) Internet blitz 5' 1998}) 14. e5 dxe5 15. O-O (15. Nxe5 $11 Nbd7 16. Nxd7 Bxd7 17. Bg5) 15... Qc7 (15... b5 $15 16. Nxe5 c4) 16. Ng3 {[%emt 0:04:23][%mdl 1024] White has compensation.} b5 17. Nd2 Nd5 (17... c4 $15 18. Bc2 Nd5) 18. Nde4 ({White should play} 18. Bxb5 $11 Ne3 {[%mdl 64] Deflection} 19. Qb3) 18... c4 $15 19. Bc2 Bb7 20. h4 Nd7 21. h5 Rfd8 (21... Nc5 $15) 22. hxg6 hxg6 23. Ng5 (23. Bg5 $5 ) 23... Nf8 (23... Qb6+ $11 24. Kh1 Bf6) 24. Qe1 $14 Nf4 25. Be4 (25. N3e4 $14) 25... Bd5 {[%emt 0:02:22] [#] aiming for ...Bf6.} (25... Bf6 $5 26. Bxb7 Bxg5 27. Bxf4 (27. Bxa8 Bh4 $15) 27... exf4 $15) 26. Be3 (26. Bc2 $11) 26... Qe7 ({Black should try} 26... Bh6 $17 27. Nh3 Nxh3+ 28. gxh3 Bf4) 27. Bxd5 $11 Nd3 28. Bxe6+ $2 Nxe6 $19 29. Qd2 Ndf4 {[%emt 0:00:11] Weighted Error Value: White=0.43/Black=0.28 (precise)} 0-1

[Event "Lliga Catalana DH 2023"]
[Site "Catalonia"]
[Date "2023.02.18"]
[Round "5.1"]
[White "Diaz Camallonga, Carles"]
[Black "Garriga Cazorla, Pere"]
[Result "1/2-1/2"]
[ECO "B22"]
[WhiteElo "2472"]
[BlackElo "2490"]
[Annotator "TA"]
[PlyCount "72"]
[EventDate "2023.01.24"]
[EventType "team-tourn"]
[EventCountry "ESP"]
[SourceTitle "playchess.com"]
[Source "ChessBase"]
[SourceQuality "1"]
[TimeControl "40/5400+30:1800+30"]

1. e4 c5 2. Nf3 e6 3. c3 Nf6 4. e5 Nd5 5. d4 cxd4 6. cxd4 b6 7. Bc4 Bb7 8. O-O Be7 9. Qe2 {[%emt 0:00:00] B22: Sicilian: 2 c3.} O-O 10. Rd1 d6 11. Bxd5 Bxd5 12. Nc3 Bxf3 13. Qxf3 (13. gxf3 d5 $15) 13... d5 14. Qg4 f5 15. exf6 Rxf6 16. Ne2 Nc6 17. Bg5 {[%emt 0:10:31] [#]} Rf5 $146 ({Predecessor:} 17... Rf7 18. Bxe7 Qxe7 19. Rac1 Qd6 20. Qg3 Rd8 21. Qc3 Ne7 22. g3 Rc8 23. Qe3 Rxc1 24. Rxc1 {1-0 Harding,T (2356)-Schoepe,H (2257) VW-Cup10 Gr44 email 2017}) 18. Bh6 {[%emt 0:08:39][%csl Gh6][%cal Rg4g7] [#]} Qf8 ({Black should play} 18... Bf8 $1 $14) 19. Ng3 (19. Rac1 $16 Nd8 20. Rc7) 19... Rf6 $11 {[%emt 0:03:31] Threatens to win with ...Rg6.} 20. Be3 (20. Bg5 $5 Rg6 21. Bxe7 Qxe7 22. Qe2 $11) 20... Rc8 21. Rac1 Bd6 22. Rc3 (22. Nh5 {with more complications.} Rg6 23. Qe2 Rc7 24. Qb5) 22... Qe8 23. Rdc1 Ne7 ({Better is} 23... Rc7 $14) 24. Rxc8 Nxc8 {[%emt 0:00:01] [#]} 25. Nh5 $1 Rg6 26. Qe2 {[%emt 0:00:11] White has more active pieces.} Qd7 27. Qa6 (27. Bf4 $16) 27... Ne7 $14 28. Bf4 Rg4 (28... h6 $14) 29. g3 $16 Bxf4 30. Nxf4 Qd6 31. Qxa7 (31. Ne2 $16) 31... Qxf4 $11 {[%emt 0:03:15] The position is equal.} 32. Rc7 Ng6 {[%emt 0:03:55] aiming for ...Qf6.} 33. Rxg7+ (33. Qxb6 $2 Qf6 34. Rc8+ Nf8 $19) 33... Kf8 34. Rc7 {[%emt 0:00:00][%cal Ra7b8] Prevents Qc1+. Really sharp!} (34. Rxh7 Qc1+ 35. Kg2 Nf4+ 36. Kf3 Qd1+ 37. Ke3 Ng2#) 34... Kg8 35. Rg7+ ({Of course not} 35. Qxb6 Qe4 36. Qb8+ Nf8 $15) 35... Kf8 {[%emt 0:00:08] ( -> ...Qc1+)} 36. Rc7 {[%emt 0:00:06][%cal Rc7c8] Repels Qc1+} (36. Rxh7 {is a self mate.} Qc1+ 37. Kg2 Nf4+ 38. Kf3 Qd1+ 39. Ke3 Ng2#) 36... Kg8 {[%emt 0:00:34] Weighted Error Value: White=0.13 (very precise) /Black=0.13 (very precise)} 1/2-1/2